WCHLSIM.com - West Coast Hockey League
html PUBLIC "-//W3C//DTD XHTML 1.0 Transitional//EN" "http://www.w3.org/TR/xhtml1/DTD/xhtml1-transitional.dtd"> WCHL - Game 933 - COLORADO GLACIERCATS vs ANAHEIM OUTLAWS

COLORADO GLACIERCATS vs ANAHEIM OUTLAWS

Created - 1 mars 2024 at 22:30

Goals
1 2 3 T
COLORADO GLACIERCATS 1 1 1 3
ANAHEIM OUTLAWS 0 0 1 1
Shots
1 2 3 T
COLORADO GLACIERCATS 17 12 10 39
ANAHEIM OUTLAWS 8 5 9 22

1st period

1. COLORADO GLACIERCATS , Erik Karlsson 7 (Leon Draisaitl 31, Tomas Hertl 41) at 4:31 (PP)

Penalties :
Henri Jokiharju (ANA) for Holding (Minor) at 3:41, Jamie Benn (COL) for Hooking (Minor) at 9:49

2nd period

2. COLORADO GLACIERCATS , Bryan Rust 15 (Leon Draisaitl 32, Erik Karlsson 32) at 13:01

Penalties :
No Penalty

3rd period

3. ANAHEIM OUTLAWS , Michael Rasmussen 11 (Jeff Skinner 28) at 1:57
4. COLORADO GLACIERCATS , Tage Thompson 21 (Anze Kopitar 44, Vladislav Gavrikov 12) at 9:53

Penalties :
Jamie Benn (COL) for High sticking (Minor) at 7:37, Anze Kopitar (COL) for Interference (Minor) at 18:57, Pheonix Copley (COL) for Slashing (Minor) at 19:20 - Jamie Benn served the penalty.

Goalie Stats

Pheonix Copley (COL), 21 saves from 22 shots - (0,955), W, 6-0-0, 60:00 minutes
Jacob Markstrom (ANA), 36 saves from 39 shots - (0,923), L, 26-27-6, 60:00 minutes

Players Stats for COLORADO GLACIERCATS

Player Name              G  A  P  +/- PIM S  H  SB GA TA FO     MP     PP MP  PK MP  
------------------------------------------------------------------------------------
Alexander Wennberg       0  0  0   0  0   8  2  0  0  0  12/21  16:56   0:00   2:22 
Anze Kopitar             0  1  1   1  2   4  0  0  0  0  18/25  20:59   0:00   2:07 
Bryan Rust               1  0  1   0  0   4  0  0  0  0  2/4    19:29   0:50   0:00 
Cole Perfetti            0  0  0   0  0   2  0  0  0  0  0/1    14:34   0:00   0:00 
Devon Toews              0  0  0   1  0   1  2  0  0  0  0/0    22:22   0:00   2:20 
Dylan Samberg            0  0  0   0  0   0  0  0  0  0  0/0     0:00   0:00   0:00 
Erik Karlsson            1  1  2   1  0   3  1  1  0  0  0/0    24:45   0:50   2:40 
Jamie Benn               0  0  0   1  4   2  3  0  0  0  1/1    19:08   0:00   0:17 
Kevin Shattenkirk        0  0  0   0  0   1  0  0  0  0  0/0    14:17   0:00   0:00 
Leon Draisaitl           0  2  2   0  0   5  1  0  0  0  14/19  21:33   0:50   0:00 
Mario Ferraro            0  0  0   0  0   0  1  2  0  0  0/0    16:37   0:00   2:20 
Nic Dowd                 0  0  0   0  0   0  0  0  0  0  2/4     4:00   0:00   1:56 
Nino Niederreiter        0  0  0   0  0   1  0  0  0  0  0/0     2:05   0:00   0:01 
Tage Thompson            1  0  1   1  0   2  1  0  0  0  1/1    18:53   0:00   0:00 
Tomas Hertl              0  1  1   0  0   3  0  0  0  0  0/0    22:07   0:50   2:38 
Trevor Moore             0  0  0   0  0   2  1  0  0  0  0/2    14:34   0:00   0:00 
Vince Dunn               0  0  0   0  0   1  2  0  0  0  0/0    20:41   0:50   0:00 
Vladislav Gavrikov       0  1  1   0  0   0  1  2  0  0  0/0    21:18   0:00   2:40 

Players Stats for ANAHEIM OUTLAWS

Player Name              G  A  P  +/- PIM S  H  SB GA TA FO     MP     PP MP  PK MP  
------------------------------------------------------------------------------------
Adrian Kempe             0  0  0  -1  0   1  1  1  0  0  4/19   18:11   0:00   0:00 
Carter Verhaeghe         0  0  0  -1  0   3  0  0  0  0  0/0    18:11   0:00   0:00 
David Gustafsson         0  0  0   0  0   0  0  0  0  0  0/0     5:51   0:00   0:00 
Henri Jokiharju          0  0  0  -1  2   1  1  0  0  0  0/0    19:42   2:34   0:00 
Jack Quinn               0  0  0  -1  0   1  1  0  0  0  0/1    11:46   0:00   0:00 
Jeff Skinner             0  1  1   1  0   6  0  1  0  0  0/1    21:27   2:47   0:18 
Joey Anderson            0  0  0   1  0   0  1  0  0  0  0/0    20:35   2:13   0:00 
Kent Johnson             0  0  0  -1  0   3  0  0  0  0  1/2    15:05   2:47   0:32 
Kevin Fiala              0  0  0   0  0   0  2  0  0  0  4/15    8:38   2:47   0:00 
Michael Bunting          0  0  0  -1  0   1  0  0  0  0  0/1    20:42   2:13   0:18 
Michael Rasmussen        1  0  1   1  0   2  2  0  0  0  13/22  21:07   2:13   0:32 
Morgan Rielly            0  0  0   0  0   3  3  2  0  0  0/0    23:51   2:26   0:18 
Noah Hanifin             0  0  0  -1  0   0  2  0  0  0  0/0    24:12   2:34   0:32 
Oliver Ekman-Larsson     0  0  0   0  0   0  0  0  0  0  0/0    16:26   0:00   0:32 
Pierre Engvall           0  0  0   0  0   0  0  0  0  0  0/0     5:51   0:00   0:00 
Pius Suter               0  0  0  -1  0   0  2  1  0  0  6/17   11:46   0:00   0:00 
Rasmus Ristolainen       0  0  0   0  0   1  1  1  0  0  0/0    16:12   0:00   0:18 
Victor Soderstrom        0  0  0   0  0   0  1  1  0  0  0/0    19:36   2:26   0:00 

3 Stars

1 - Erik Karlsson (COL)
2 - Tage Thompson (COL)
3 - Leon Draisaitl (COL)

Power Play

COLORADO GLACIERCATS - 1 on 1 Attempt(s) - 100,00%
ANAHEIM OUTLAWS - 0 on 4 Attempt(s) - 0,00%

Penalty Kill

COLORADO GLACIERCATS - 4 on 4 Attempt(s) - 100,00% - Score 0 goal in Penalty Kill
ANAHEIM OUTLAWS - 0 on 1 Attempt(s) - 0,00% - Score 0 goal in Penalty Kill

Team Stat

COLORADO GLACIERCATS - Hits : 15 - Faceoff Wins : 50 - Blocked Shots : 5 - Penalty Minutes : 8
ANAHEIM OUTLAWS - Hits : 17 - Faceoff Wins : 28 - Blocked Shots : 7 - Penalty Minutes : 2

Official

Referees : Chris Schlenker and Kyle Rehman
Linesman : Bryan Pancich and Trent Knorr

Game Notes

No Game Note

Finance

Level 1 -- Attendance: 4854 (74,68%) -- Ticket Income 946 530 $
Level 2 -- Attendance: 4137 (75,22%) -- Ticket Income 537 810 $
Level 3 -- Attendance: 2478 (99,12%) -- Ticket Income 223 020 $
Level 4 -- Attendance: 3491 (69,82%) -- Ticket Income 261 825 $
Luxury Box -- Attendance: 687 (68,70%) -- Ticket Income 274 800 $
Game was played at the Bouch Garden.
Total Attendance: 15647 (76,33%)
Total Ticket Income: 2 243 985 $
Other Expense: 22 440 $
Total Income: 2 221 545 $

COLORADO GLACIERCATS

5 vs 5 Forward 
   Center                   Left Wing                Right Wing               Time % Phy DF OF 
 1 Anze Kopitar             Jamie Benn               Tage Thompson            35     0   1  4  
 2 Leon Draisaitl           Tomas Hertl              Bryan Rust               35     0   1  4  
 3 Alexander Wennberg       Cole Perfetti            Trevor Moore             25     0   2  3  
 4 Nic Dowd                 Nino Niederreiter        Leon Draisaitl           5      0   3  2  

5 vs 5 Defense 
   Defense                  Defense                                           Time % Phy DF OF 
 1 Erik Karlsson            Devon Toews                                       37     0   1  4  
 2 Vladislav Gavrikov       Vince Dunn                                        35     0   2  3  
 3 Mario Ferraro            Kevin Shattenkirk                                 23     0   3  2  
 4 Erik Karlsson            Vince Dunn                                        5      0   1  4  

PowerPlay Forward 
   Center                   Left Wing                Right Wing               Time % Phy DF OF 
 1 Leon Draisaitl           Tomas Hertl              Bryan Rust               50     1   0  4  
 2 Anze Kopitar             Jamie Benn               Tage Thompson            50     1   0  4  

PowerPlay Defense
   Defense                  Defense                                           Time % Phy DF OF 
 1 Erik Karlsson            Vince Dunn                                        55     0   0  5  
 2 Devon Toews              Kevin Shattenkirk                                 45     0   1  4  

Penalty Kill 4 Players Forward 
   Center                   Wing                     Time % Phy DF OF 
 1 Alexander Wennberg       Nic Dowd                 50     0   5  0  
 2 Anze Kopitar             Tomas Hertl              50     0   5  0  

Penalty Kill 4 Players Defense
   Defense                  Defense                  Time % Phy DF OF 
 1 Vladislav Gavrikov       Erik Karlsson            50     0   5  0  
 2 Devon Toews              Mario Ferraro            50     0   5  0  

Penalty Kill - 3 Players Forward 
   Forward                                           Time % Phy DF OF 
 1 Tomas Hertl                                       50     0   5  0  
 2 Alexander Wennberg                                50     0   5  0  

Penalty Kill - 3 Players Defense
   Defense                  Defense                  Time % Phy DF OF 
 1 Vladislav Gavrikov       Erik Karlsson            50     0   5  0  
 2 Devon Toews              Mario Ferraro            50     0   5  0  

4 vs 4 Forward 
   Center                   Wing                     Time % Phy DF OF 
 1 Anze Kopitar             Tage Thompson            50     0   1  4  
 2 Leon Draisaitl           Tomas Hertl              50     0   1  4  

4 vs 4 Defense
   Defense                  Defense                  Time % Phy DF OF 
 1 Erik Karlsson            Vladislav Gavrikov       45     0   2  3  
 2 Devon Toews              Vince Dunn               55     0   2  3  

Last Minutes Offensive
   Center                   Left Wing                Right Wing               Defense                  Defense                  
   Anze Kopitar             Jamie Benn               Leon Draisaitl           Vince Dunn               Erik Karlsson            

Last Minutes Defensive
   Center                   Left Wing                Right Wing               Defense                  Defense                  
   Alexander Wennberg       Tomas Hertl              Leon Draisaitl           Devon Toews              Vladislav Gavrikov       

Goaltenders
Starting : Pheonix Copley           
Backup : Andrei Vasilevskiy       

Extra Forwards
Normal : Anze Kopitar, Tomas Hertl, Leon Draisaitl - PP : Trevor Moore, Alexander Wennberg - PK : Jamie Benn
Extra Defensemen
Normal : Vladislav Gavrikov, Mario Ferraro, Dylan Samberg - PP : Vladislav Gavrikov - PK : Vince Dunn, Kevin Shattenkirk
Penalty Shots
Tage Thompson, Leon Draisaitl, Erik Karlsson, Anze Kopitar, Tomas Hertl
Custom OT Lines Forwards
Leon Draisaitl, Anze Kopitar, Tomas Hertl, Tage Thompson, Jamie Benn, Bryan Rust, Trevor Moore, Alexander Wennberg, Nino Niederreiter, Cole Perfetti
Custom OT Lines Defensemen
Erik Karlsson, Devon Toews, Vince Dunn, Vladislav Gavrikov, Mario Ferraro

Scratches
None

ANAHEIM OUTLAWS

5 vs 5 Forward 
   Center                   Left Wing                Right Wing               Time % Phy DF OF 
 1 Michael Rasmussen        Jeff Skinner             Joey Anderson            36     1   2  2  
 2 Adrian Kempe             Michael Bunting          Carter Verhaeghe         31     1   2  2  
 3 Pius Suter               Kent Johnson             Jack Quinn               23     1   2  2  
 4 Kevin Fiala              Pierre Engvall           David Gustafsson         10     1   2  2  

5 vs 5 Defense 
   Defense                  Defense                                           Time % Phy DF OF 
 1 Victor Soderstrom        Morgan Rielly                                     36     1   2  2  
 2 Noah Hanifin             Henri Jokiharju                                   31     1   2  2  
 3 Rasmus Ristolainen       Oliver Ekman-Larsson                              23     1   2  2  
 4 Noah Hanifin             Morgan Rielly                                     10     1   2  2  

PowerPlay Forward 
   Center                   Left Wing                Right Wing               Time % Phy DF OF 
 1 Kevin Fiala              Jeff Skinner             Kent Johnson             55     1   2  2  
 2 Michael Rasmussen        Michael Bunting          Joey Anderson            45     1   2  2  

PowerPlay Defense
   Defense                  Defense                                           Time % Phy DF OF 
 1 Victor Soderstrom        Morgan Rielly                                     55     1   2  2  
 2 Noah Hanifin             Henri Jokiharju                                   45     1   2  2  

Penalty Kill 4 Players Forward 
   Center                   Wing                     Time % Phy DF OF 
 1 Kent Johnson             Michael Rasmussen        55     1   2  2  
 2 Jeff Skinner             Michael Bunting          45     1   2  2  

Penalty Kill 4 Players Defense
   Defense                  Defense                  Time % Phy DF OF 
 1 Rasmus Ristolainen       Morgan Rielly            55     1   2  2  
 2 Noah Hanifin             Henri Jokiharju          45     1   2  2  

Penalty Kill - 3 Players Forward 
   Forward                                           Time % Phy DF OF 
 1 Kent Johnson                                      55     1   2  2  
 2 Michael Bunting                                   45     1   2  2  

Penalty Kill - 3 Players Defense
   Defense                  Defense                  Time % Phy DF OF 
 1 Rasmus Ristolainen       Morgan Rielly            55     1   2  2  
 2 Noah Hanifin             Henri Jokiharju          45     1   2  2  

4 vs 4 Forward 
   Center                   Wing                     Time % Phy DF OF 
 1 Jeff Skinner             Kevin Fiala              55     1   2  2  
 2 Kent Johnson             Michael Bunting          45     1   2  2  

4 vs 4 Defense
   Defense                  Defense                  Time % Phy DF OF 
 1 Victor Soderstrom        Morgan Rielly            55     1   2  2  
 2 Noah Hanifin             Henri Jokiharju          45     1   2  2  

Last Minutes Offensive
   Center                   Left Wing                Right Wing               Defense                  Defense                  
   Michael Rasmussen        Joey Anderson            Jeff Skinner             Victor Soderstrom        Morgan Rielly            

Last Minutes Defensive
   Center                   Left Wing                Right Wing               Defense                  Defense                  
   Michael Rasmussen        Joey Anderson            Jeff Skinner             Victor Soderstrom        Morgan Rielly            

Goaltenders
Starting : Jacob Markstrom          
Backup : Mackenzie Blackwood      

Extra Forwards
Normal : Jeff Skinner, Michael Bunting, Kent Johnson - PP : Michael Bunting, Kent Johnson - PK : Kent Johnson
Extra Defensemen
Normal : Morgan Rielly, Noah Hanifin, Henri Jokiharju - PP : Noah Hanifin - PK : Noah Hanifin, Henri Jokiharju
Penalty Shots
Kent Johnson, Kevin Fiala, Michael Rasmussen, Michael Bunting, Jeff Skinner
Custom OT Lines Forwards
Kevin Fiala, Michael Rasmussen, Jeff Skinner, Michael Bunting, Adrian Kempe, Carter Verhaeghe, David Gustafsson, Pierre Engvall, Kent Johnson, Jack Quinn
Custom OT Lines Defensemen
Rasmus Ristolainen, Morgan Rielly, Noah Hanifin, Henri Jokiharju, Oliver Ekman-Larsson

Scratches
Jacob Trouba (Right Hand Injury), Ian Mitchell (Healthy)

% Time on Ice - COLORADO GLACIERCATS

Lines # - Real PCT - Wanted PCT - Time Play
Normal Forward
1 - 35% - 35% - 18:53
2 - 34% - 35% - 18:39
3 - 27% - 25% - 14:34
4 - 4% - 5% - 2:04
Normal Defense
1 - 37% - 37% - 20:02
2 - 34% - 35% - 18:38
3 - 26% - 23% - 14:17
4 - 2% - 5% - 1:13
PP Forward
1 - 100% - 50% - 0:50
2 - 0% - 50% - 0:00
PP Defense
1 - 100% - 55% - 0:50
2 - 0% - 45% - 0:00
PK Forward
1 - 45% - 50% - 1:57
2 - 55% - 50% - 2:24
PK Defense
1 - 56% - 50% - 2:26
2 - 44% - 50% - 1:55
PK3 Forward
1 - 36% - 50% - 0:14
2 - 64% - 50% - 0:25
PK3 Defense
1 - 36% - 50% - 0:14
2 - 64% - 50% - 0:25
44 Forward
1 - 0% - 50%
2 - 0% - 50%
44 Defense
1 - 0% - 45%
2 - 0% - 55%
Last Minute Offensive  - 0:00
Last Minute Defensive  - 0:00
Total
Forward - 60:00
Defense - 60:00

% Time on Ice - ANAHEIM OUTLAWS

Lines # - Real PCT - Wanted PCT - Time Play
Normal Forward
1 - 34% - 36% - 18:22
2 - 34% - 31% - 18:11
3 - 22% - 23% - 11:46
4 - 11% - 10% - 5:51
Normal Defense
1 - 32% - 36% - 17:10
2 - 32% - 31% - 17:09
3 - 29% - 23% - 15:54
4 - 7% - 10% - 3:57
PP Forward
1 - 56% - 55% - 2:47
2 - 44% - 45% - 2:13
PP Defense
1 - 49% - 55% - 2:26
2 - 51% - 45% - 2:34
PK Forward
1 - 64% - 55% - 0:32
2 - 36% - 45% - 0:18
PK Defense
1 - 36% - 55% - 0:18
2 - 64% - 45% - 0:32
PK3 Forward
1 - 0% - 55%
2 - 0% - 45%
PK3 Defense
1 - 0% - 55%
2 - 0% - 45%
44 Forward
1 - 0% - 55%
2 - 0% - 45%
44 Defense
1 - 0% - 55%
2 - 0% - 45%
Last Minute Offensive  - 0:00
Last Minute Defensive  - 0:00
Total
Forward - 60:00
Defense - 60:00

Play-by-Play

1st period


0:01 of 1st period - Michael Rasmussen wins face-off versus Anze Kopitar in neutral zone.
0:04 of 1st period - Shot by Morgan Rielly.
0:04 of 1st period - Stopped by Pheonix Copley without a rebound.
0:05 of 1st period - Leon Draisaitl wins face-off versus Adrian Kempe in COLORADO GLACIERCATS zone.
0:24 of 1st period - Shot by Leon Draisaitl.
0:24 of 1st period - Stopped by Jacob Markstrom with a rebound.
0:30 of 1st period - Shot by Tomas Hertl.
0:30 of 1st period - Shot Misses the Net.
0:32 of 1st period - Shot by Tomas Hertl.
0:32 of 1st period - Stopped by Jacob Markstrom with a rebound.
0:34 of 1st period - Shot by Leon Draisaitl.
0:34 of 1st period - Stopped by Jacob Markstrom with a rebound.
1:24 of 1st period - Shot by Anze Kopitar.
1:24 of 1st period - Stopped by Jacob Markstrom without a rebound.
1:25 of 1st period - Michael Rasmussen wins face-off versus Alexander Wennberg in ANAHEIM OUTLAWS zone.
1:34 of 1st period - Shot by Jeff Skinner.
1:34 of 1st period - Stopped by Pheonix Copley without a rebound.
1:35 of 1st period - Alexander Wennberg wins face-off versus Pius Suter in COLORADO GLACIERCATS zone.
1:50 of 1st period - Shot by Kevin Shattenkirk.
1:50 of 1st period - Stopped by Jacob Markstrom with a rebound.
1:54 of 1st period - Shot by Cole Perfetti.
1:54 of 1st period - Shot Blocked by Pius Suter.
1:56 of 1st period - Shot by Cole Perfetti.
1:56 of 1st period - Shot Misses the Net.
2:40 of 1st period - Icing by Anze Kopitar.
2:41 of 1st period - Anze Kopitar wins face-off versus Michael Rasmussen in COLORADO GLACIERCATS zone.
2:48 of 1st period - Shot by Anze Kopitar.
2:48 of 1st period - Stopped by Jacob Markstrom with a rebound.
2:52 of 1st period - Shot by Anze Kopitar.
2:52 of 1st period - Deflect By Jamie Benn.
2:52 of 1st period - Shot Blocked by Morgan Rielly.
2:54 of 1st period - Shot by Jamie Benn.
2:54 of 1st period - Shot Blocked by Victor Soderstrom.
3:35 of 1st period - Shot by Tomas Hertl.
3:35 of 1st period - Stopped by Jacob Markstrom without a rebound.
3:36 of 1st period - Leon Draisaitl wins face-off versus Kevin Fiala in ANAHEIM OUTLAWS zone.
3:41 of 1st period - Shot by Bryan Rust.
3:41 of 1st period - Stopped by Jacob Markstrom without a rebound.
3:41 of 1st period - Minor Penalty to Henri Jokiharju for Holding.
3:42 of 1st period - Leon Draisaitl wins face-off versus Kent Johnson in ANAHEIM OUTLAWS zone.
3:43 of 1st period - Shot by Erik Karlsson.
3:43 of 1st period - Stopped by Jacob Markstrom without a rebound.
3:44 of 1st period - Kent Johnson wins face-off versus Bryan Rust in ANAHEIM OUTLAWS zone.
4:31 of 1st period - Shot by Erik Karlsson.
4:31 of 1st period - Goal by Erik Karlsson - COLORADO GLACIERCATS : 1 - ANAHEIM OUTLAWS : 0.
4:32 of 1st period - Alexander Wennberg wins face-off versus Kevin Fiala in neutral zone.
4:37 of 1st period - Shot by Trevor Moore.
4:37 of 1st period - Shot Misses the Net.
4:39 of 1st period - Shot by Alexander Wennberg.
4:39 of 1st period - Shot Misses the Net.
4:41 of 1st period - Shot by Alexander Wennberg.
4:41 of 1st period - Stopped by Jacob Markstrom with a rebound.
4:43 of 1st period - Shot by Trevor Moore.
4:43 of 1st period - Shot Misses the Net.
4:45 of 1st period - Shot by Trevor Moore.
4:45 of 1st period - Shot Misses the Net.
4:47 of 1st period - Shot by Trevor Moore.
4:47 of 1st period - Shot Misses the Net.
5:29 of 1st period - Shot by Carter Verhaeghe.
5:29 of 1st period - Stopped by Pheonix Copley without a rebound.
5:30 of 1st period - Pius Suter wins face-off versus Bryan Rust in COLORADO GLACIERCATS zone.
6:19 of 1st period - Icing by Leon Draisaitl.
6:20 of 1st period - Leon Draisaitl wins face-off versus Michael Rasmussen in COLORADO GLACIERCATS zone.
6:27 of 1st period - Shot by Tomas Hertl.
6:27 of 1st period - Shot Misses the Net.
6:41 of 1st period - Shot by Jeff Skinner.
6:41 of 1st period - Stopped by Pheonix Copley without a rebound.
6:42 of 1st period - Anze Kopitar wins face-off versus Adrian Kempe in COLORADO GLACIERCATS zone.
6:49 of 1st period - Shot by Tage Thompson.
6:49 of 1st period - Stopped by Jacob Markstrom with a rebound.
7:21 of 1st period - Shot by Anze Kopitar.
7:21 of 1st period - Shot Misses the Net.
7:25 of 1st period - Shot by Jamie Benn.
7:25 of 1st period - Shot Misses the Net.
7:27 of 1st period - Shot by Devon Toews.
7:27 of 1st period - Stopped by Jacob Markstrom with a rebound.
7:56 of 1st period - Kevin Shattenkirk is hit by Joey Anderson and loses puck.
8:01 of 1st period - Shot by Jeff Skinner.
8:01 of 1st period - Stopped by Pheonix Copley without a rebound.
8:02 of 1st period - Leon Draisaitl wins face-off versus Pius Suter in COLORADO GLACIERCATS zone.
8:35 of 1st period - Off-side.
8:36 of 1st period - Michael Rasmussen wins face-off versus Alexander Wennberg in neutral zone.
8:41 of 1st period - Icing by Erik Karlsson.
8:42 of 1st period - Alexander Wennberg wins face-off versus Jeff Skinner in COLORADO GLACIERCATS zone.
8:51 of 1st period - Shot by Jeff Skinner.
8:51 of 1st period - Deflect By Michael Rasmussen.
8:51 of 1st period - Stopped by Pheonix Copley with a rebound.
9:49 of 1st period - Minor Penalty to Jamie Benn for Hooking.
9:50 of 1st period - Anze Kopitar wins face-off versus Kevin Fiala in COLORADO GLACIERCATS zone.
10:07 of 1st period - Shot by Jeff Skinner.
10:07 of 1st period - Shot Blocked by Erik Karlsson.
10:21 of 1st period - Shot by Jeff Skinner.
10:21 of 1st period - Shot Misses the Net.
11:07 of 1st period - Off-side.
11:08 of 1st period - Nic Dowd wins face-off versus Kevin Fiala in neutral zone.
11:57 of 1st period - Shot by Tage Thompson.
11:57 of 1st period - Shot Blocked by Rasmus Ristolainen.
12:03 of 1st period - Shot by Michael Bunting.
12:03 of 1st period - Stopped by Pheonix Copley without a rebound.
12:04 of 1st period - Leon Draisaitl wins face-off versus Kevin Fiala in COLORADO GLACIERCATS zone.
12:31 of 1st period - Shot by Tomas Hertl.
12:31 of 1st period - Shot Hit the Post.
12:36 of 1st period - Icing by Oliver Ekman-Larsson.
12:37 of 1st period - Alexander Wennberg wins face-off versus Kevin Fiala in ANAHEIM OUTLAWS zone.
13:43 of 1st period - Shot by Tage Thompson.
13:43 of 1st period - Shot Misses the Net.
13:45 of 1st period - Shot by Erik Karlsson.
13:45 of 1st period - Stopped by Jacob Markstrom without a rebound.
13:46 of 1st period - Leon Draisaitl wins face-off versus Michael Rasmussen in ANAHEIM OUTLAWS zone.
14:03 of 1st period - Shot by Leon Draisaitl.
14:03 of 1st period - Shot Misses the Net.
14:05 of 1st period - Shot by Tomas Hertl.
14:05 of 1st period - Shot Misses the Net.
14:07 of 1st period - Shot by Bryan Rust.
14:07 of 1st period - Deflect By Leon Draisaitl.
14:07 of 1st period - Stopped by Jacob Markstrom without a rebound.
14:08 of 1st period - Anze Kopitar wins face-off versus Adrian Kempe in ANAHEIM OUTLAWS zone.
14:47 of 1st period - Shot by Tage Thompson.
14:47 of 1st period - Shot Misses the Net.
15:35 of 1st period - Jeff Skinner is hit by Vince Dunn and loses puck.
16:13 of 1st period - Icing by Trevor Moore.
16:14 of 1st period - Alexander Wennberg wins face-off versus Pius Suter in COLORADO GLACIERCATS zone.
16:14 of 1st period - Alexander Wennberg is hit by Pius Suter.
16:27 of 1st period - Rasmus Ristolainen is hit by Alexander Wennberg and loses puck.
16:34 of 1st period - Shot by Cole Perfetti.
16:34 of 1st period - Stopped by Jacob Markstrom without a rebound.
16:35 of 1st period - Kevin Fiala wins face-off versus Anze Kopitar in ANAHEIM OUTLAWS zone.
16:35 of 1st period - Kevin Fiala is hit by Jamie Benn.
16:38 of 1st period - Icing by Noah Hanifin.
16:39 of 1st period - Anze Kopitar wins face-off versus Kevin Fiala in ANAHEIM OUTLAWS zone.
16:39 of 1st period - Tage Thompson is hit by Noah Hanifin.
16:51 of 1st period - Shot by Kevin Fiala.
16:51 of 1st period - Deflect By Pierre Engvall.
16:51 of 1st period - Shot Misses the Net.
17:06 of 1st period - Shot by Jamie Benn.
17:06 of 1st period - Stopped by Jacob Markstrom without a rebound.
17:07 of 1st period - Pius Suter wins face-off versus Leon Draisaitl in ANAHEIM OUTLAWS zone.
17:35 of 1st period - Shot by Jack Quinn.
17:35 of 1st period - Shot Blocked by Vladislav Gavrikov.
18:03 of 1st period - Shot by Jeff Skinner.
18:03 of 1st period - Stopped by Pheonix Copley without a rebound.
18:04 of 1st period - Anze Kopitar wins face-off versus Adrian Kempe in COLORADO GLACIERCATS zone.
19:35 of 1st period - Shot by Trevor Moore.
19:35 of 1st period - Shot Misses the Net.
Goals for this period are 1 for COLORADO GLACIERCATS vs 0 for ANAHEIM OUTLAWS.
Shots for this period are 17 for COLORADO GLACIERCATS vs 8 for ANAHEIM OUTLAWS.

2nd period


0:01 of 2nd period - Tage Thompson wins face-off versus Michael Rasmussen in neutral zone.
0:08 of 2nd period - Morgan Rielly is hit by Tage Thompson and loses puck.
0:33 of 2nd period - Shot by Anze Kopitar.
0:33 of 2nd period - Shot Misses the Net.
0:50 of 2nd period - Icing by Morgan Rielly.
0:51 of 2nd period - Michael Rasmussen wins face-off versus Leon Draisaitl in ANAHEIM OUTLAWS zone.
2:21 of 2nd period - Shot by Trevor Moore.
2:21 of 2nd period - Shot Misses the Net.
2:23 of 2nd period - Shot by Alexander Wennberg.
2:23 of 2nd period - Stopped by Jacob Markstrom with a rebound.
2:25 of 2nd period - Shot by Alexander Wennberg.
2:25 of 2nd period - Stopped by Jacob Markstrom without a rebound.
2:26 of 2nd period - Anze Kopitar wins face-off versus Pius Suter in ANAHEIM OUTLAWS zone.
3:23 of 2nd period - Oliver Ekman-Larsson is hit by Leon Draisaitl and loses puck.
4:11 of 2nd period - Shot by Jeff Skinner.
4:11 of 2nd period - Deflect By Michael Rasmussen.
4:11 of 2nd period - Shot Misses the Net.
4:13 of 2nd period - Shot by Morgan Rielly.
4:13 of 2nd period - Stopped by Pheonix Copley without a rebound.
4:14 of 2nd period - Kevin Fiala wins face-off versus Cole Perfetti in COLORADO GLACIERCATS zone.
4:21 of 2nd period - Kevin Fiala is hit by Alexander Wennberg and loses puck.
4:29 of 2nd period - Trevor Moore is hit by Noah Hanifin and loses puck.
4:52 of 2nd period - Shot by Trevor Moore.
4:52 of 2nd period - Shot Misses the Net.
4:55 of 2nd period - Icing by Pierre Engvall.
4:56 of 2nd period - Anze Kopitar wins face-off versus Kevin Fiala in ANAHEIM OUTLAWS zone.
5:09 of 2nd period - Shot by Tage Thompson.
5:09 of 2nd period - Shot Misses the Net.
5:19 of 2nd period - Shot by Anze Kopitar.
5:19 of 2nd period - Stopped by Jacob Markstrom with a rebound.
6:25 of 2nd period - Vladislav Gavrikov is hit by Michael Rasmussen and loses puck.
6:57 of 2nd period - Icing by Rasmus Ristolainen.
6:58 of 2nd period - Anze Kopitar wins face-off versus Adrian Kempe in ANAHEIM OUTLAWS zone.
7:05 of 2nd period - Off-side.
7:06 of 2nd period - Alexander Wennberg wins face-off versus Pius Suter in neutral zone.
7:18 of 2nd period - Shot by Kent Johnson.
7:18 of 2nd period - Stopped by Pheonix Copley without a rebound.
7:19 of 2nd period - Adrian Kempe wins face-off versus Nic Dowd in COLORADO GLACIERCATS zone.
7:55 of 2nd period - Off-side.
7:56 of 2nd period - Anze Kopitar wins face-off versus Pius Suter in neutral zone.
9:07 of 2nd period - Icing by Mario Ferraro.
9:08 of 2nd period - Leon Draisaitl wins face-off versus Adrian Kempe in COLORADO GLACIERCATS zone.
9:21 of 2nd period - Shot by Michael Bunting.
9:21 of 2nd period - Shot Blocked by Mario Ferraro.
9:45 of 2nd period - Bryan Rust is hit by Henri Jokiharju and loses puck.
10:07 of 2nd period - Icing by Erik Karlsson.
10:08 of 2nd period - Michael Rasmussen wins face-off versus Alexander Wennberg in COLORADO GLACIERCATS zone.
10:09 of 2nd period - Shot by Jeff Skinner.
10:09 of 2nd period - Shot Misses the Net.
10:30 of 2nd period - Alexander Wennberg is hit by Morgan Rielly and loses puck.
11:10 of 2nd period - Icing by Anze Kopitar.
11:11 of 2nd period - Kevin Fiala wins face-off versus Anze Kopitar in COLORADO GLACIERCATS zone.
11:42 of 2nd period - Shot by Kevin Fiala.
11:42 of 2nd period - Shot Misses the Net.
11:51 of 2nd period - Kevin Fiala is hit by Vince Dunn and loses puck.
12:09 of 2nd period - Shot by Kent Johnson.
12:09 of 2nd period - Shot Misses the Net.
12:11 of 2nd period - Shot by Henri Jokiharju.
12:11 of 2nd period - Deflect By Kent Johnson.
12:11 of 2nd period - Shot Misses the Net.
12:16 of 2nd period - Jack Quinn is hit by Vladislav Gavrikov and loses puck.
13:01 of 2nd period - Shot by Bryan Rust.
13:01 of 2nd period - Goal by Bryan Rust - COLORADO GLACIERCATS : 2 - ANAHEIM OUTLAWS : 0.
13:02 of 2nd period - Michael Rasmussen wins face-off versus Trevor Moore in neutral zone.
13:08 of 2nd period - Jeff Skinner is hit by Mario Ferraro and loses puck.
13:25 of 2nd period - Shot by Trevor Moore.
13:25 of 2nd period - Deflect By Alexander Wennberg.
13:25 of 2nd period - Stopped by Jacob Markstrom with a rebound.
13:27 of 2nd period - Shot by Trevor Moore.
13:27 of 2nd period - Stopped by Jacob Markstrom without a rebound.
13:28 of 2nd period - Bryan Rust wins face-off versus Adrian Kempe in ANAHEIM OUTLAWS zone.
14:09 of 2nd period - Shot by Michael Bunting.
14:09 of 2nd period - Shot Misses the Net.
14:29 of 2nd period - Shot by Alexander Wennberg.
14:29 of 2nd period - Stopped by Jacob Markstrom without a rebound.
14:30 of 2nd period - Michael Rasmussen wins face-off versus Trevor Moore in ANAHEIM OUTLAWS zone.
14:49 of 2nd period - Off-side.
14:50 of 2nd period - Pius Suter wins face-off versus Anze Kopitar in neutral zone.
15:20 of 2nd period - Icing by Henri Jokiharju.
15:21 of 2nd period - Pius Suter wins face-off versus Leon Draisaitl in ANAHEIM OUTLAWS zone.
15:25 of 2nd period - Jack Quinn is hit by Erik Karlsson and loses puck.
16:06 of 2nd period - Shot by Bryan Rust.
16:06 of 2nd period - Deflect By Leon Draisaitl.
16:06 of 2nd period - Stopped by Jacob Markstrom without a rebound.
16:07 of 2nd period - Anze Kopitar wins face-off versus Adrian Kempe in ANAHEIM OUTLAWS zone.
16:19 of 2nd period - Off-side.
16:20 of 2nd period - Michael Rasmussen wins face-off versus Alexander Wennberg in neutral zone.
17:00 of 2nd period - Shot by Jeff Skinner.
17:00 of 2nd period - Stopped by Pheonix Copley without a rebound.
17:01 of 2nd period - Leon Draisaitl wins face-off versus Adrian Kempe in COLORADO GLACIERCATS zone.
17:15 of 2nd period - Shot by Bryan Rust.
17:15 of 2nd period - Stopped by Jacob Markstrom with a rebound.
17:17 of 2nd period - Shot by Vladislav Gavrikov.
17:17 of 2nd period - Deflect By Leon Draisaitl.
17:17 of 2nd period - Shot Misses the Net.
17:19 of 2nd period - Shot by Vince Dunn.
17:19 of 2nd period - Stopped by Jacob Markstrom with a rebound.
17:21 of 2nd period - Shot by Tomas Hertl.
17:21 of 2nd period - Deflect By Bryan Rust.
17:21 of 2nd period - Stopped by Jacob Markstrom with a rebound.
17:36 of 2nd period - Icing by Noah Hanifin.
17:37 of 2nd period - Anze Kopitar wins face-off versus Adrian Kempe in ANAHEIM OUTLAWS zone.
17:40 of 2nd period - Shot by Jamie Benn.
17:40 of 2nd period - Stopped by Jacob Markstrom with a rebound.
17:54 of 2nd period - Shot by Carter Verhaeghe.
17:54 of 2nd period - Stopped by Pheonix Copley without a rebound.
17:55 of 2nd period - Michael Rasmussen wins face-off versus Alexander Wennberg in COLORADO GLACIERCATS zone.
18:56 of 2nd period - Morgan Rielly is hit by Jamie Benn and loses puck.
19:10 of 2nd period - Morgan Rielly is hit by Devon Toews and loses puck.
19:42 of 2nd period - Adrian Kempe is hit by Devon Toews and loses puck.
19:55 of 2nd period - Shot by Adrian Kempe.
19:55 of 2nd period - Stopped by Pheonix Copley with a rebound.
Goals for this period are 1 for COLORADO GLACIERCATS vs 0 for ANAHEIM OUTLAWS.
Shots for this period are 12 for COLORADO GLACIERCATS vs 5 for ANAHEIM OUTLAWS.

3rd period


0:01 of 3rd period - Michael Rasmussen wins face-off versus Leon Draisaitl in neutral zone.
0:28 of 3rd period - Shot by Leon Draisaitl.
0:28 of 3rd period - Stopped by Jacob Markstrom without a rebound.
0:29 of 3rd period - Anze Kopitar wins face-off versus Pius Suter in ANAHEIM OUTLAWS zone.
0:29 of 3rd period - Erik Karlsson is hit by Rasmus Ristolainen and loses puck.
0:46 of 3rd period - Shot by Jack Quinn.
0:46 of 3rd period - Stopped by Pheonix Copley with a rebound.
0:48 of 3rd period - Shot by Rasmus Ristolainen.
0:48 of 3rd period - Stopped by Pheonix Copley without a rebound.
0:49 of 3rd period - Leon Draisaitl wins face-off versus Adrian Kempe in COLORADO GLACIERCATS zone.
1:11 of 3rd period - Leon Draisaitl is hit by Adrian Kempe and loses puck.
1:57 of 3rd period - Shot by Michael Rasmussen.
1:57 of 3rd period - Goal by Michael Rasmussen - COLORADO GLACIERCATS : 2 - ANAHEIM OUTLAWS : 1.
1:58 of 3rd period - Pius Suter wins face-off versus Anze Kopitar in neutral zone.
2:01 of 3rd period - Devon Toews is hit by Jack Quinn and loses puck.
2:32 of 3rd period - Shot by Kent Johnson.
2:32 of 3rd period - Stopped by Pheonix Copley without a rebound.
2:33 of 3rd period - Alexander Wennberg wins face-off versus Michael Rasmussen in COLORADO GLACIERCATS zone.
2:33 of 3rd period - Alexander Wennberg is hit by Michael Rasmussen.
2:41 of 3rd period - Morgan Rielly is hit by Trevor Moore and loses puck.
2:50 of 3rd period - Shot by Alexander Wennberg.
2:50 of 3rd period - Shot Misses the Net.
2:52 of 3rd period - Shot by Trevor Moore.
2:52 of 3rd period - Shot Blocked by Morgan Rielly.
2:59 of 3rd period - Trevor Moore is hit by Victor Soderstrom and loses puck.
3:02 of 3rd period - Shot by Trevor Moore.
3:02 of 3rd period - Stopped by Jacob Markstrom without a rebound.
3:03 of 3rd period - Adrian Kempe wins face-off versus Nic Dowd in ANAHEIM OUTLAWS zone.
5:57 of 3rd period - Off-side.
5:58 of 3rd period - Leon Draisaitl wins face-off versus Adrian Kempe in neutral zone.
7:22 of 3rd period - Icing by Oliver Ekman-Larsson.
7:23 of 3rd period - Alexander Wennberg wins face-off versus Kevin Fiala in ANAHEIM OUTLAWS zone.
7:32 of 3rd period - Shot by Alexander Wennberg.
7:32 of 3rd period - Stopped by Jacob Markstrom without a rebound.
7:33 of 3rd period - Anze Kopitar wins face-off versus Pius Suter in ANAHEIM OUTLAWS zone.
7:37 of 3rd period - Minor Penalty to Jamie Benn for High sticking.
7:38 of 3rd period - Alexander Wennberg wins face-off versus Michael Rasmussen in COLORADO GLACIERCATS zone.
8:14 of 3rd period - Shot by Michael Rasmussen.
8:14 of 3rd period - Shot Blocked by Mario Ferraro.
8:44 of 3rd period - Shot by Kent Johnson.
8:44 of 3rd period - Stopped by Pheonix Copley without a rebound.
8:45 of 3rd period - Kevin Fiala wins face-off versus Alexander Wennberg in COLORADO GLACIERCATS zone.
8:50 of 3rd period - Shot by Jeff Skinner.
8:50 of 3rd period - Shot Hit the Post.
8:52 of 3rd period - Shot by Jeff Skinner.
8:52 of 3rd period - Shot Hit the Post.
8:54 of 3rd period - Shot by Henri Jokiharju.
8:54 of 3rd period - Stopped by Pheonix Copley without a rebound.
8:55 of 3rd period - Anze Kopitar wins face-off versus Kevin Fiala in COLORADO GLACIERCATS zone.
8:55 of 3rd period - Tomas Hertl is hit by Kevin Fiala and loses puck.
9:53 of 3rd period - Shot by Tage Thompson.
9:53 of 3rd period - Goal by Tage Thompson - COLORADO GLACIERCATS : 3 - ANAHEIM OUTLAWS : 1.
9:54 of 3rd period - Adrian Kempe wins face-off versus Leon Draisaitl in neutral zone.
11:14 of 3rd period - Shot by Jeff Skinner.
11:14 of 3rd period - Stopped by Pheonix Copley without a rebound.
11:15 of 3rd period - Alexander Wennberg wins face-off versus Pius Suter in COLORADO GLACIERCATS zone.
11:15 of 3rd period - Alexander Wennberg is hit by Pius Suter.
11:27 of 3rd period - Shot by Cole Perfetti.
11:27 of 3rd period - Stopped by Jacob Markstrom without a rebound.
11:28 of 3rd period - Nic Dowd wins face-off versus Michael Rasmussen in ANAHEIM OUTLAWS zone.
11:39 of 3rd period - Shot by Nino Niederreiter.
11:39 of 3rd period - Shot Misses the Net.
12:04 of 3rd period - Shot by Nino Niederreiter.
12:04 of 3rd period - Stopped by Jacob Markstrom without a rebound.
12:05 of 3rd period - Pius Suter wins face-off versus Anze Kopitar in ANAHEIM OUTLAWS zone.
12:05 of 3rd period - Pius Suter is hit by Jamie Benn.
12:16 of 3rd period - Icing by Oliver Ekman-Larsson.
12:17 of 3rd period - Alexander Wennberg wins face-off versus Jack Quinn in ANAHEIM OUTLAWS zone.
12:36 of 3rd period - Shot by Alexander Wennberg.
12:36 of 3rd period - Stopped by Jacob Markstrom without a rebound.
12:37 of 3rd period - Bryan Rust wins face-off versus Adrian Kempe in ANAHEIM OUTLAWS zone.
12:37 of 3rd period - Bryan Rust is hit by Morgan Rielly.
12:44 of 3rd period - Bryan Rust is hit by Morgan Rielly and loses puck.
12:47 of 3rd period - Shot by Leon Draisaitl.
12:47 of 3rd period - Shot Blocked by Adrian Kempe.
12:49 of 3rd period - Shot by Bryan Rust.
12:49 of 3rd period - Shot Misses the Net.
13:21 of 3rd period - Shot by Carter Verhaeghe.
13:21 of 3rd period - Stopped by Pheonix Copley with a rebound.
13:26 of 3rd period - Off-side.
13:27 of 3rd period - Anze Kopitar wins face-off versus Michael Rasmussen in neutral zone.
13:34 of 3rd period - Shot by Jamie Benn.
13:34 of 3rd period - Deflect By Tage Thompson.
13:34 of 3rd period - Shot Misses the Net.
13:36 of 3rd period - Shot by Jamie Benn.
13:36 of 3rd period - Shot Blocked by Jeff Skinner.
14:15 of 3rd period - Icing by Michael Rasmussen.
14:16 of 3rd period - Michael Rasmussen wins face-off versus Alexander Wennberg in ANAHEIM OUTLAWS zone.
14:33 of 3rd period - Shot by Alexander Wennberg.
14:33 of 3rd period - Stopped by Jacob Markstrom with a rebound.
14:38 of 3rd period - Off-side.
14:39 of 3rd period - Leon Draisaitl wins face-off versus Adrian Kempe in neutral zone.
14:54 of 3rd period - Shot by Michael Bunting.
14:54 of 3rd period - Shot Misses the Net.
15:30 of 3rd period - Off-side.
15:31 of 3rd period - Jamie Benn wins face-off versus Pius Suter in neutral zone.
15:40 of 3rd period - Shot by Anze Kopitar.
15:40 of 3rd period - Stopped by Jacob Markstrom without a rebound.
15:41 of 3rd period - Anze Kopitar wins face-off versus Michael Rasmussen in ANAHEIM OUTLAWS zone.
16:25 of 3rd period - Icing by Erik Karlsson.
16:26 of 3rd period - Anze Kopitar wins face-off versus Pius Suter in COLORADO GLACIERCATS zone.
17:21 of 3rd period - Shot by Leon Draisaitl.
17:21 of 3rd period - Shot Misses the Net.
17:23 of 3rd period - Shot by Bryan Rust.
17:23 of 3rd period - Deflect By Leon Draisaitl.
17:23 of 3rd period - Shot Misses the Net.
17:27 of 3rd period - Shot by Tomas Hertl.
17:27 of 3rd period - Stopped by Jacob Markstrom without a rebound.
17:28 of 3rd period - Adrian Kempe wins face-off versus Alexander Wennberg in ANAHEIM OUTLAWS zone.
18:20 of 3rd period - Icing by Noah Hanifin.
18:21 of 3rd period - Leon Draisaitl wins face-off versus Adrian Kempe in ANAHEIM OUTLAWS zone.
18:25 of 3rd period - Icing by Noah Hanifin.
18:26 of 3rd period - Leon Draisaitl wins face-off versus Michael Bunting in ANAHEIM OUTLAWS zone.
18:38 of 3rd period - Off-side.
18:39 of 3rd period - Michael Rasmussen wins face-off versus Anze Kopitar in neutral zone.
18:57 of 3rd period - Minor Penalty to Anze Kopitar for Interference.
18:58 of 3rd period - Alexander Wennberg wins face-off versus Kevin Fiala in COLORADO GLACIERCATS zone.
19:09 of 3rd period - Vladislav Gavrikov is hit by Kevin Fiala and loses puck.
19:18 of 3rd period - Shot by Jeff Skinner.
19:18 of 3rd period - Deflect By Kevin Fiala.
19:18 of 3rd period - Shot Blocked by Vladislav Gavrikov.
19:20 of 3rd period - Shot by Morgan Rielly.
19:20 of 3rd period - Stopped by Pheonix Copley without a rebound.
19:20 of 3rd period - Minor Penalty to Pheonix Copley for Slashing.
19:21 of 3rd period - Michael Rasmussen wins face-off versus Alexander Wennberg in COLORADO GLACIERCATS zone.
Goals for this period are 1 for COLORADO GLACIERCATS vs 1 for ANAHEIM OUTLAWS.
Shots for this period are 10 for COLORADO GLACIERCATS vs 9 for ANAHEIM OUTLAWS.


BLAKE
WHEELER
STEVEN
STAMKOS
DREW
DOUGHTY

EAST COAST

HOCKEY LEAGUE

  • 63.RHI2PIT5
  • 64.WOR4ATL3
  • 65.QUECHW
  • 66.CHATRV